cohdb
Replays
Latest Replays
All Replays
Popular Replays
Top Player Replays
Match Explorer
How It Works
Community
CoH3 Stats
Reddit
Sign in to upload your games and track your stats! →
Sign in with Steam
Match 43694526
Unlisted
Match 43694526
Overview
Messages
Build Orders
End
250 Light Carrier
Selects Italian Infantry
Panzerpioneer Squad
250 Light Carrier
Construct Light Support Kompanie
Combat Half-tracks
Selects Defensive Operations
250 Light Carrier
Fire Support Elements
Vehicle Survival Package
Veteran Squad Leaders
Pak 38 Anti-tank Gun Team
Pak 38 Anti-tank Gun Team
Flakvierling Half-track
2.5-tonne Medical Truck
Selects Guastatori Squad
Panzergrenadier Squad
Panzergrenadier Squad
Pak 38 Anti-tank Gun Team
Panzergrenadier Squad
Selects L6/40 Light Tank Combat Group
Selects Towed Cannone da 105/28 Field Howitzer
Construct Panzerarmee Kommand
Towed Cannone da 105/28 Field Howitzer
[100Ronin] Xoni
2LeeJet
Alpha
polo2B
Ursa Major
Nap
0
0
Comments
sign in to comment!
No comments posted yet!